 Dungeon Crawl Stone Soup version 0.25.0-26-g0c896c7088 (webtiles) character file.

Game seed: 1162903321032878001

270437 octo the Fencer (level 20, -8/140 HPs)
             Began as an Octopode Fighter on July 1, 2020.
             Was the Champion of Dithmenos.
             Mangled by a fire giant
             ... wielding a +0 great sword of flaming
              (30 damage)
             ... on level 4 of the Vaults.
             The game lasted 02:01:37 (46917 turns).

octo the Fencer (Octopode Fighter)                 Turns: 46917, Time: 02:01:38

Health: -8/140     AC:  1    Str: 19    XL:     20   Next: 61%
Magic:  20/20      EV: 34    Int: 16    God:    Dithmenos [******]
Gold:   1620       SH: 21    Dex: 33    Spells: 23/31 levels left

rFire    . . .     SeeInvis +   c - +8 autumn katana {vorpal, Clar}
rCold    . . .     Gourm    .   b - +0 kite shield
rNeg     + . .     Faith    .   o - +0 mask of the Dragon {MR+ Slay+3 SInv}
rPois    +         Spirit   .   N - amulet of reflection
rElec    .         Reflect  +   k - +6 ring of dexterity
rCorr    .         Harm     .   I - ring of poison resistance
MR       +++..     Clarity  +   a - ring of wizardry
Stlth    ++++++++++             G - +6 ring of dexterity
HPRegen  0.33/turn              D - +4 ring of evasion
MPRegen  0.17/turn              Z - ring of Xelomeil {+Fly Dex+5}
                                V - ring of protection from magic
                                t - ring of Uckuaj {rN+ MP-9 Int+4 Dex+3 Stlth-}

@: wreathed by umbra
A: almost no armour, stealthy swim, amphibious, 8 rings, constrict 8, tentacle
spike 1, camouflage 1, weak 1, gelatinous body 1
}: 1/15 runes: gossamer
a: Shadow Step, Shadow Form, Renounce Religion, Evoke Flight


You were on level 4 of the Vaults.
You worshipped Dithmenos.
Dithmenos was exalted by your worship.
You were hungry.

You visited 6 branches of the dungeon, and saw 32 of its levels.
You visited 1 bazaar.
You also visited: Gauntlet.

You collected 3771 gold pieces.
You spent 2151 gold pieces at shops.

Inventory:

Hand Weapons
 c - the +8 autumn katana (weapon) {vorpal, Clar}
   (You found it on level 8 of the Dungeon)

   It inflicts extra damage upon your enemies.
   It protects you against confusion.
 z - a +2 dagger of electrocution
Missiles
 K - a throwing net
 P - 12 javelins (quivered)
Armour
 b - a +0 kite shield (worn)
 o - the +0 mask of the Dragon (worn) {MR+ Slay+3 SInv}
   (You found it on level 2 of the Spider Nest)

   It affects your accuracy and damage with ranged weapons and melee attacks
   (+3).
   It affects your resistance to hostile enchantments.
   It lets you see invisible.
Jewellery
 a - a ring of wizardry (on tentacle)
 k - a +6 ring of dexterity (left tentacle)
 t - the ring of Uckuaj (on tentacle) {rN+ MP-9 Int+4 Dex+3 Stlth-}
   (You bought it in a shop on level 1 of the Orcish Mines)

   [ring of attention]

   It affects your intelligence (+4).
   It affects your dexterity (+3).
   It protects you from negative energy.
   It affects your magic capacity (-9).
   It makes you less stealthy.
 D - a +4 ring of evasion (on tentacle)
 G - a +6 ring of dexterity (on tentacle)
 I - a ring of poison resistance (right tentacle)
 N - an amulet of reflection (around mantle)
 U - an uncursed ring of positive energy
 V - a ring of protection from magic (on tentacle)
 Z - the ring of Xelomeil (on tentacle) {+Fly Dex+5}
   (You bought it in a shop on level 2 of the Orcish Mines)

   [ring of flight]

   It affects your dexterity (+5).
   It lets you fly.
Wands
 j - a wand of acid (38)
 x - a wand of disintegration (37)
 L - a wand of polymorph (15)
 M - a wand of clouds (4)
 T - a wand of paralysis (21)
 X - a wand of iceblast (3)
Scrolls
 f - 15 scrolls of remove curse
 h - 4 scrolls of immolation
 i - a scroll of summoning
 m - 15 scrolls of teleportation
 u - 3 scrolls of fear
 v - 5 scrolls of magic mapping
 H - 9 scrolls of fog
 O - 2 scrolls of blinking
 W - 2 scrolls of torment
 Y - a scroll of silence
Potions
 e - 5 potions of invisibility
 l - a potion of cancellation
 n - 8 potions of stabbing
 p - 13 potions of curing
 q - 4 potions of resistance
 r - 7 potions of magic
 s - a potion of brilliance
 A - a potion of heal wounds
 B - 5 potions of lignification
 C - 3 potions of ambrosia
 F - a potion of might
 Q - 3 potions of haste
 R - 3 potions of berserk rage
Miscellaneous
 g - a box of beasts
 E - a tin of tremorstones (2/3)
 J - 2 phantom mirrors
Comestibles
 d - 55 rations
 w - 3 chunks of flesh


   Skills:
 - Level 13.2 Fighting
 + Level 18.0 Long Blades
 - Level 5.5 Throwing
 - Level 13.7 Dodging
 - Level 11.0 Stealth
 - Level 15.0 Shields
 - Level 6.2 Spellcasting
 - Level 0.1 Translocations
 - Level 10.0 Transmutations
 - Level 8.9 Earth Magic
 - Level 10.8 Invocations
 - Level 8.2 Evocations


You had 23 spell levels left.
You knew the following spells:

 Your Spells              Type           Power        Failure   Level  Hunger
a - Blink                 Tloc           N/A          8%          2    None
b - Statue Form           Tmut/Erth      #####....    16%         6    #######

Your spell library contained the following spells:

 Spells                   Type           Power        Failure   Level  Hunger
 Sandblast                Erth           ####..       1%          1    None
 Passwall                 Tmut/Erth      #####...     1%          2    None
 Sticks to Snakes         Tmut           #####...     1%          2    None
 Petrify                  Tmut/Erth      #####...     1%          4    ####...
 Stone Arrow              Conj/Erth      ###...       2%          3    ##.....
 Apportation              Tloc           #.....       4%          1    None
 Ignite Poison            Fire/Tmut/Pois ###.....     4%          3    ##.....
 Lee's Rapid Deconstruct  Erth           ####......   4%          5    #####..
 Animate Skeleton         Necr           N/A          6%          1    None
 Corona                   Hex            #......      6%          1    None
 Foxfire                  Conj/Fire      #...         6%          1    None
 Magic Dart               Conj           #...         6%          1    None
 Pain                     Necr           #...         6%          1    None
 Shock                    Conj/Air       #...         6%          1    None
 Summon Small Mammal      Summ           #...         6%          1    None
 Call Imp                 Summ           #.......     9%          2    None
 Ensorcelled Hibernation  Hex/Ice        #.....       9%          2    None
 Slow                     Hex            #.......     9%          2    None
 Swiftness                Chrm/Air       #.......     9%          2    None
 Hydra Form               Tmut           #####.....   13%         6    #######
 Call Canine Familiar     Summ           #.......     16%         3    ##.....
 Confusing Touch          Hex            #.......     16%         3    ##.....
 Conjure Flame            Conj/Fire      #.......     16%         3    ##.....
 Dazzling Flash           Conj/Hex       #.....       16%         3    ##.....
 Gell's Gravitas          Tloc           #.........   16%         3    ##.....
 Inner Flame              Hex/Fire       #.......     16%         3    ##.....
 Mephitic Cloud           Conj/Pois/Air  #.......     16%         3    ##.....
 Static Discharge         Conj/Air       #.......     16%         3    ##.....
 Summon Guardian Golem    Hex/Summ       #.......     16%         3    ##.....
 Tukima's Dance           Hex            #.......     16%         3    ##.....
 Vampiric Draining        Necr           #.........   16%         3    ##.....
 Irradiate                Conj/Tmut      ###.......   19%         5    #####..
 Yara's Violent Unravell  Hex/Tmut       ###.......   19%         5    #####..
 Bolt of Magma            Conj/Fire/Erth ##........   38%         5    #####..
 Airstrike                Air            #.........   45%         4    ####...
 Animate Dead             Necr           N/A          45%         4    ####...
 Summon Ice Beast         Ice/Summ       #.......     45%         4    ####...
 Summon Lightning Spire   Summ/Air       #.......     45%         4    ####...
 Dragon Form              Tmut           #####.....   56%         7    #######
 Iron Shot                Conj/Erth      ###.......   75%         6    #######
 Agony                    Necr           #.......     80%         5    #####..
 Fireball                 Conj/Fire      #.........   80%         5    #####..
 Iskenderun's Battlesphe  Conj/Chrm      #.......     80%         5    #####..
 Lightning Bolt           Conj/Air       #.........   80%         5    #####..
 Metabolic Englaciation   Hex/Ice        #.........   80%         5    #####..
 Starburst                Conj/Fire      #.........   100%        6    #######
 Orb of Destruction       Conj           #.........   100%        7    #######
 Ring of Flames           Chrm/Fire      #.........   100%        7    #######
 Spellforged Servitor     Conj/Summ      #.........   100%        7    #######
 Ignition                 Fire           #.........   100%        8    #######
 Shatter                  Erth           ####......   100%        9    #######
 Tornado                  Air            #.........   100%        9    #######


Dungeon Overview and Level Annotations

Branches:
Dungeon (15/15)            Temple (1/1) D:4            Lair (6/6) D:11
 Shoals (0/4) Lair:4       Spider (4/4) Lair:3        Slime (0/5) Lair:6
    Orc (2/2) D:12            Elf (0/3) Orc:2        Vaults (4/5) D:14
  Crypt (0/3) Vaults:2     Depths (0/5) D:15        Gauntlet (visited)

Altars:
Ashenzari
Cheibriados
Dithmenos
Elyvilon
Makhleb
Nemelex Xobeh
Okawaru
Qazlal
Sif Muna
Trog
Uskayaw
Wu Jian
Xom
Yredelemnul
Zin
Jiyva
Lugonu

Shops:
D:8 *   D:12 ?   D:15 *   Orc:1 [=(:   Orc:2 ?(*=   Vaults:2 %

Annotations:
D:7 2 transporters, deyja's ghost, novice GrEE
Spider:4 1 runed translucent door, Gohat's ghost, journeyman HOBe
Vaults:2 3 runed translucent doors, Bodigarde's ghost, adept DrWz


Innate Abilities, Weirdness & Mutations

You cannot wear most types of armour.
You are very stealthy in the water. (Stealth+)
You are amphibious.
You can wear up to eight rings at the same time.
You can use your tentacles to constrict eight enemies at once.
Your skin changes colour to match your surroundings (Stealth+).
Your rubbery body absorbs attacks. (AC +1, EV +1)
One of your tentacles bears a spike.
You are weak. (Str -2)


Message History

You hear a chilling moan.
A yaktaur comes into view.
Unknown command.
You feel much better.
The fire giant points at you and mumbles some strange words.
The bolt of fire hits you!
* * * LOW HITPOINT WARNING * * *
The ice devil completely misses you.
You riposte.
You slash the ice devil! Your grab misses the ice devil.
You pierce the ice devil, but do no damage.
The ice devil is moderately wounded.
Unknown command.
You feel much better.
The tormentor calls on the powers of darkness!
The yaktaur convulses!
The deep elf demonologist convulses!
The fire giant convulses!
The deep elf knight convulses!
Your body is wracked with pain!
* * * LOW HITPOINT WARNING * * *
The fire giant hits you with a +0 great sword of flaming!!
You die...

######'########.......
.#.......#.....'.......
.p.p.....#...).#§§.....
#.e.W...#.....+.......
#...e..5#.....#.......
#.....52#.....#.......
#######e#[....########
#..§.4Cec2....#
#..§§@#c##############
#..§§§#..C....'.#.#.#.
#..§§§#.......#†#)#.#.
..+.....#.?.....##)#.#.#
..#.....#.)))...##[#.#.#
. #.....#...[...#.#(#.#.
#########''####.#.#.#.
#.......###.#.#.#
#.......# #)#.#.#


You could see a fire giant (corroded), a hell beast (summoned), a deep elf
demonologist, a deep elf knight (fast), a yaktaur, an ice devil (summoned) and a
tormentor (summoned).

Vanquished Creatures
  Boris (twice) (Vaults:2 Vaults:3)
  Nikola (Spider:4)
  Arachne (Spider:3)
  A tentacled monstrosity (Vaults:2)
  Agnes (Spider:4)
  3 sphinxes
  2 fire giants
  3 ghost moths (Spider:4)
  4 vault wardens
  Aizul (Spider:3)
  11 ironheart preservers
  A deep elf sorcerer (Vaults:4)
  An orc warlord (Orc:2)
  5 emperor scorpions
  Louise (Spider:4)
  2 very ugly things (Vaults:2)
  4 stone giants
  2 entropy weavers (Lair:6)
  The ghost of raph the Fencer, a journeyman MiBe of Trog (Orc:1)
  A deep elf demonologist (Vaults:2)
  A deep elf annihilator (Vaults:2)
  A minotaur (Gauntlet)
  2 spark wasps (Spider:4)
  A crystal guardian (Vaults:2)
  4 ettins
  A deep elf death mage (Vaults:2)
  Josephine (D:14)
  3 fire dragons
  2 great orbs of eyes (Vaults:4)
  8 yaktaur captains
  7 hydras
  Erolcha (D:11)
  2 vault guards
  Harold (D:11)
  A rakshasa (Vaults:3)
  An ice dragon (shapeshifter) (Vaults:4)
  11 centaur warriors
  3 death knights
  Erica (Lair:2)
  7 ogre magi
  38 two-headed ogres
  6 death yaks
  A queen ant (Lair:6)
  3 deep troll earth magi
  3 tengu warriors (D:15)
  Nergalle (D:11)
  A fire crab (Lair:2)
  3 deep elf knights
  7 skeletal warriors (Vaults:2)
  18 deep trolls
  3 unseen horrors
  3 shadow wraiths (Vaults:2)
  4 flayed ghosts
  A wizard (D:14)
  A glowing orange brain (Vaults:3)
  4 harpies (Vaults:2)
  2 phantasmal warriors
  37 wolf spiders
  3 necromancers
  2 deep elf archers
  14 ironbrand convokers
  2 orc sorcerers
  24 ugly things
  9 orc knights
  10 orb spiders
  2 oklob plants (Lair:5)
  5 deep elf magi
  A manticore (D:15)
  A stone giant zombie (Vaults:4)
  7 cyclopes
  A worldbinder (Gauntlet)
  A tengu skeleton (Vaults:2)
  9 elephants
  5 moths of wrath
  3 black mambas
  10 human skeletons (Vaults:2)
  21 spiny frogs
  11 vault sentinels
  2 gargoyles (D:14)
  7 komodo dragons
  2 torpor snails
  6 freezing wraiths
  A kobold demonologist (D:12)
  23 yaktaurs
  A yaktaur (shapeshifter) (Vaults:2)
  A human zombie (Vaults:4)
  A hellion (Gauntlet)
  23 demonic crawlers
  4 rime drakes
  33 jumping spiders
  A polar bear (Lair:5)
  A yaktaur skeleton (Vaults:2)
  19 trolls
  10 hornets
  A harpy skeleton (D:15)
  A blink frog (shapeshifter) (D:15)
  4 tyrant leeches (Lair:6)
  Grinder (D:6)
  10 hippogriffs
  16 slime creatures
  17 blink frogs
  A sphinx simulacrum (Vaults:3)
  A frost giant simulacrum (Vaults:2)
  7 dream sheep (Lair:5)
  Sigmund (D:6)
  A shadow (D:14)
  A water elemental (D:15)
  85 redbacks
  6 wraiths
  An ettin skeleton (Vaults:2)
  34 tarantellas
  A vampire (D:12)
  A yak (shapeshifter) (Vaults:2)
  A tarantella (shapeshifter) (Vaults:1)
  4 hogs (D:9)
  37 yaks
  Grum (D:8)
  2 basilisks
  A steam dragon (shapeshifter) (Vaults:3)
  A human (D:9)
  A basilisk (shapeshifter) (D:15)
  6 vampire mosquitoes
  4 hungry ghosts
  2 steam dragons
  4 wargs (Orc:1)
  26 soldier ants
  Edmund (D:6)
  9 water moccasins
  5 acid dragons
  A black bear (D:9)
  2 hell hounds (Gauntlet)
  38 orc warriors
  3 porcupines
  An ice beast (D:15)
  2 sky beasts
  A phantom (D:9)
  32 wolves
  A boggart (Gauntlet)
  An orc skeleton (Vaults:2)
  36 ogres
  12 centaurs
  14 crocodiles
  2 big kobolds
  28 bullfrogs
  A wyvern skeleton (D:8)
  13 scorpions
  18 killer bees
  A vampire bat (Lair:3)
  3 human simulacra
  9 wights
  3 howler monkeys
  2 electric eels
  6 crimson imps
  A centaur zombie (D:8)
  4 bullfrog zombies
  4 hounds
  19 orc priests
  Crazy Yiuf (D:4)
  3 jellies
  20 orc wizards
  5 centaur skeletons
  6 iguanas
  25 worker ants
  8 hell rats
  A hound skeleton (D:5)
  2 worker ant zombies
  7 adders
  11 river rats (Lair:1)
  4 shadow imps
  2 oozes
  An adder skeleton (D:5)
  An adder zombie (D:10)
  4 worms (D:2)
  4 dart slugs
  10 leopard geckos
  81 orcs
  A ball python (D:1)
  7 giant cockroaches
  8 goblins
  4 hobgoblins
  8 jackals
  17 kobolds
  3 quokkas
  21 bats
  3 frilled lizards
  A jackal zombie (D:6)
  2 leopard gecko skeletons
  A quokka skeleton (D:5)
  A quokka zombie (D:9)
  10 rats
  A plant (Lair:6)
1356 creatures vanquished.

Vanquished Creatures (others)
  An ironheart preserver (Vaults:1)
  Sonja (Lair:2)
  A shadow wraith (Vaults:3)
  An orc (D:10)
  14 demonic plants (Gauntlet)
  19 fungi
  53 plants
90 creatures vanquished.

Grand Total: 1446 creatures vanquished

Notes
Turn   | Place    | Note
-------+----------+-------------------------------------------
     0 | D:1      | octo the Octopode Fighter began the quest for the Orb.
     0 | D:1      | Reached XP level 1. HP: 16/16 MP: 1/1
   248 | D:1      | Reached XP level 2. HP: 19/21 MP: 2/2
   330 | D:1      | Reached skill level 3 in Long Blades
   557 | D:1      | Reached XP level 3. HP: 26/26 MP: 3/3
  1428 | D:2      | Reached skill level 4 in Long Blades
  1848 | D:2      | Reached XP level 4. HP: 31/31 MP: 4/4
  2895 | D:3      | Reached skill level 5 in Long Blades
  2898 | D:3      | Reached XP level 5. HP: 30/36 MP: 5/5
  3326 | D:4      | Found a burning altar of Makhleb.
  3431 | D:4      | Found a staircase to the Ecumenical Temple.
  3454 | Temple   | Entered the Ecumenical Temple
  3474 | Temple   | Became a worshipper of Dithmenos the Shadowed
  3537 | D:4      | Found a runed translucent door.
  3538 | D:4      | Noticed Crazy Yiuf
  3684 | D:4      | Reached skill level 6 in Long Blades
  3684 | D:4      | Reached XP level 6. HP: 28/42 MP: 6/6
  3912 | D:4      | Killed Crazy Yiuf
  4046 | D:5      | Entered Level 5 of the Dungeon
  4634 | D:5      | Reached XP level 7. HP: 17/46 MP: 7/7
  4950 | D:5      | Noticed a yak
  4950 | D:5      | Noticed a yak
  4950 | D:5      | Noticed a troll
  4981 | D:6      | Noticed Edmund
  4986 | D:6      | Killed Edmund
  4986 | D:6      | Reached skill level 5 in Shields
  5003 | D:6      | Reached skill level 1 in Evocations
  5241 | D:6      | Found a snail-covered altar of Cheibriados.
  5302 | D:6      | Noticed Sigmund
  5304 | D:6      | Noticed Grinder
  5352 | D:6      | Killed Sigmund
  5352 | D:6      | Reached skill level 5 in Evocations
  5352 | D:6      | Reached XP level 8. HP: 39/52 MP: 10/12
  5482 | D:6      | Reached * piety under Dithmenos
  5883 | D:6      | Found a bloodstained altar of Trog.
  6032 | D:6      | Paralysed by Grinder for 4 turns
  6042 | D:6      | Killed Grinder
  6042 | D:6      | Reached skill level 5 in Fighting
  6304 | D:5      | Killed a yak
  6528 | D:5      | Noticed a yak
  6529 | D:5      | Noticed a yak
  6548 | D:5      | Killed a yak
  6586 | D:5      | Killed a yak
  6586 | D:5      | Reached XP level 9. HP: 61/61 MP: 14/14
  6869 | D:5      | Killed a troll
  7101 | D:7      | Gained mutation: You are weak. (Str -2) [potion of
                  | mutation]
  7101 | D:7      | Gained mutation: One of your tentacles bears a spike.
                  | [potion of mutation]
  7367 | D:7      | Found a transporter.
  7369 | D:7      | Found an ornate altar of the Wu Jian Council.
  7377 | D:7      | Noticed deyja's ghost (novice GrEE)
  7400 | D:7      | Found a transporter.
  7920 | D:8      | Reached skill level 7 in Long Blades
  8318 | D:8      | Reached skill level 1 in Throwing
  8327 | D:8      | Found a hide-covered altar of Uskayaw.
  8433 | D:8      | Reached ** piety under Dithmenos
  8442 | D:8      | Reached XP level 10. HP: 30/66 MP: 16/16
  8642 | D:8      | Reached skill level 8 in Long Blades
  8808 | D:8      | Noticed Grum
  8819 | D:8      | Killed Grum
  8961 | D:8      | Found Zin's Purification Station.
  8965 | D:8      | Found a glowing silver altar of Zin.
  9011 | D:8      | Found a transporter.
  9012 | D:8      | Found the +8 autumn katana {vorpal, Clar}
  9012 | D:8      | Found a corrupted altar of Lugonu.
  9013 | D:8      | Noticed a white ugly thing
  9014 | D:8      | Noticed a cyan ugly thing
  9014 | D:8      | Noticed a purple ugly thing
  9240 | D:8      | Found a transporter.
  9301 | D:9      | Reached skill level 9 in Long Blades
  9411 | D:9      | HP: 2/66 [troll (8)]
 11074 | D:10     | Entered Level 10 of the Dungeon
 11423 | D:10     | Reached *** piety under Dithmenos
 11435 | D:10     | Reached skill level 5 in Stealth
 11492 | D:10     | Reached XP level 11. HP: 76/76 MP: 17/17
 12153 | D:10     | Reached skill level 5 in Dodging
 12542 | D:11     | Noticed Harold
 12552 | D:11     | Killed Harold
 12826 | D:11     | Found a staircase to the Lair.
 13254 | D:11     | Reached **** piety under Dithmenos
 13577 | D:11     | Noticed Nergalle
 13615 | D:11     | Killed Nergalle
 13684 | D:11     | Noticed Erolcha
 13710 | D:11     | Killed Erolcha
 14397 | D:8      | Killed a cyan ugly thing
 14629 | D:12     | Found a staircase to the Orcish Mines.
 14822 | D:12     | Found Jaecaoddo's Magic Scroll Emporium.
 14863 | D:12     | Reached skill level 10 in Long Blades
 15148 | D:12     | Noticed a two-headed ogre
 15188 | D:12     | Killed a two-headed ogre
 15500 | D:12     | Reached XP level 12. HP: 82/82 MP: 18/18
 15734 | D:12     | Reached skill level 11 in Long Blades
 15735 | D:12     | Noticed a yaktaur captain
 15975 | Orc:1    | Entered Level 1 of the Orcish Mines
 16115 | Orc:2    | Entered Level 2 of the Orcish Mines
 16149 | Orc:2    | Noticed a two-headed ogre
 16150 | Orc:2    | Noticed a two-headed ogre
 16391 | Lair:1   | Entered Level 1 of the Lair of Beasts
 16780 | Lair:1   | Found a gate leading to a gauntlet.
 16799 | Lair:1   | Reached ***** piety under Dithmenos
 16845 | Gauntlet | Entered a Gauntlet
 16845 | Gauntlet | Found a transporter.
 16845 | Gauntlet | Found a transporter.
 16898 | Gauntlet | Noticed a death ooze
 16899 | Gauntlet | Found a transporter.
 16914 | Gauntlet | Found a transporter.
 16937 | Gauntlet | Found a transporter.
 16944 | Gauntlet | Found a transporter.
 17034 | Gauntlet | Found a transporter.
 17049 | Gauntlet | Found a transporter.
 17051 | Gauntlet | Found a large runed translucent door.
 17051 | Gauntlet | Found a large runed translucent door.
 17052 | Gauntlet | Found a large runed translucent door.
 17052 | Gauntlet | Found a large runed translucent door.
 17053 | Gauntlet | Found a large runed translucent door.
 17053 | Gauntlet | Found a large runed translucent door.
 17053 | Gauntlet | Found a runed translucent door.
 17053 | Gauntlet | Found a runed translucent door.
 17053 | Gauntlet | Found a large runed translucent door.
 17054 | Gauntlet | Found a large runed translucent door.
 17054 | Gauntlet | Found a large runed translucent door.
 17055 | Gauntlet | Found a large runed translucent door.
 17062 | Gauntlet | Found a large runed translucent door.
 17062 | Gauntlet | Found a large runed translucent door.
 17063 | Gauntlet | Found a large runed translucent door.
 17063 | Gauntlet | Found a large runed translucent door.
 17064 | Gauntlet | Found a runed translucent gate.
 17064 | Gauntlet | Found a runed translucent gate.
 17064 | Gauntlet | Found a runed translucent gate.
 17066 | Gauntlet | Found a transporter.
 17076 | Gauntlet | Found a large runed translucent door.
 17077 | Gauntlet | Found a large runed translucent door.
 17079 | Gauntlet | Found a transporter.
 17096 | Gauntlet | Found a transporter.
 17113 | Gauntlet | Identified the ring of Bileown {Ice +Blink rPois Int-5
                  | Dex+6}
 17170 | Gauntlet | Found a transporter.
 17385 | Gauntlet | Found a transporter.
 17447 | Gauntlet | Found a transporter.
 17604 | Gauntlet | Reached skill level 5 in Invocations
 17627 | Gauntlet | Noticed a minotaur
 17635 | Gauntlet | Killed a minotaur
 17642 | Gauntlet | Identified the Compendium of the Blaze
 18546 | Lair:1   | Reached XP level 13. HP: 88/88 MP: 19/19
 18571 | Lair:1   | Noticed a fire dragon
 18580 | Lair:1   | Killed a fire dragon
 18580 | Lair:1   | Reached skill level 10 in Shields
 18920 | Lair:2   | Noticed Sonja
 18930 | Lair:2   | Killed Sonja
 19031 | Lair:2   | Noticed Erica
 19045 | Lair:2   | Killed Erica
 19762 | D:12     | Bought a scroll of acquirement for 884 gold pieces
 19762 | D:12     | Bought a scroll of identify for 34 gold pieces
 19762 | D:12     | Bought a scroll of identify for 34 gold pieces
 19779 | D:12     | Got the +1 hat "Utwa" {rN+ Stlth+}
 19935 | Lair:3   | Found a hole to the Spider Nest.
 20200 | Lair:3   | Reached skill level 10 in Dodging
 21379 | Lair:4   | Learned a level 2 spell: Blink
 21386 | Lair:4   | Learned a level 6 spell: Statue Form
 21392 | Lair:4   | Found a staircase to the Shoals.
 21457 | Lair:4   | Found an iron altar of Okawaru.
 23080 | Lair:5   | Reached XP level 14. HP: 93/93 MP: 20/20
 23793 | Lair:6   | Entered Level 6 of the Lair of Beasts
 24000 | Lair:6   | Reached ****** piety under Dithmenos
 24002 | Lair:6   | Reached skill level 15 in Shields
 24351 | Lair:6   | Noticed an entropy weaver
 24358 | Lair:6   | Killed an entropy weaver
 24363 | Lair:6   | Noticed an entropy weaver
 24387 | Lair:6   | HP: 3/93 [entropy weaver (16)]
 24785 | Lair:6   | Found a staircase to the Slime Pits.
 24785 | Lair:6   | Found a viscous altar of Jiyva.
 24958 | Lair:6   | Killed an entropy weaver
 24958 | Lair:6   | Reached skill level 10 in Invocations
 25322 | Lair:6   | Reached XP level 15. HP: 86/99 MP: 22/22
 26042 | Orc:1    | Reached skill level 5 in Throwing
 27363 | Orc:2    | Found Comarur's Jewellery Boutique.
 27364 | Orc:2    | Found Neititau's Antique Weapon Boutique.
 27368 | Orc:2    | Found Ethoo's Magic Scroll Emporium.
 27373 | Orc:2    | Reached skill level 10 in Fighting
 27386 | Orc:2    | Found Waduept's General Store.
 27439 | Orc:2    | Bought the ring of Xelomeil {+Fly Dex+5} for 560 gold
                  | pieces
 27624 | Orc:2    | Found a staircase to the Elven Halls.
 27802 | Orc:2    | Noticed an orc warlord
 27853 | Orc:2    | Killed an orc warlord
 28216 | Orc:1    | Found Mimea's Antique Armour Emporium.
 28399 | Orc:1    | Found Baruluze's Weapon Shoppe.
 28429 | Orc:1    | Found Voewnumy's Jewellery Shoppe.
 28446 | Orc:1    | Found Giecruerr's Book Shop.
 28715 | Orc:1    | Identified the +8 great mace of Luegopt {vamp, rElec rPois}
 28715 | Orc:1    | Noticed raph's ghost (journeyman MiBe)
 28716 | Orc:1    | Found a transporter.
 28718 | Orc:1    | Found a shimmering altar of Xom.
 28720 | Orc:1    | Found a transporter.
 28810 | Orc:1    | Killed raph's ghost
 28827 | Orc:1    | Identified the Almanac of the Arsonist and Moulding
 29225 | Orc:1    | Bought an uncursed ring of protection from magic for 300
                  | gold pieces
 29225 | Orc:1    | Bought the ring of Uckuaj {rN+ MP-9 Int+4 Dex+3 Stlth-} for
                  | 174 gold pieces
 30112 | D:14     | Reached skill level 12 in Long Blades
 30376 | D:14     | Noticed Josephine
 30382 | D:14     | Killed Josephine
 30480 | D:14     | Reached XP level 16. HP: 110/110 MP: 24/24
 30743 | D:14     | Found a gate to the Vaults.
 31086 | D:12     | Reached skill level 13 in Long Blades
 31399 | D:15     | Entered Level 15 of the Dungeon
 31554 | D:15     | Found a staircase to the Depths.
 32072 | D:15     | Found a shimmering blue altar of Sif Muna.
 32116 | D:15     | Reached skill level 14 in Long Blades
 32991 | D:15     | Found Hammog's Assorted Antiques.
 33594 | Spider:1 | Entered Level 1 of the Spider Nest
 34761 | Spider:2 | Found the +0 mask of the Dragon {MR+ Slay+3 SInv}
 34795 | Spider:2 | Reached XP level 17. HP: 114/116 MP: 25/25
 35555 | Spider:3 | Noticed Aizul
 35568 | Spider:3 | Killed Aizul
 36697 | Spider:3 | Noticed Arachne
 36708 | Spider:3 | Killed Arachne
 37176 | Spider:4 | Entered Level 4 of the Spider Nest
 37282 | Spider:4 | Noticed Louise
 37398 | Spider:4 | Killed Louise
 37694 | Spider:4 | Reached skill level 10 in Stealth
 38092 | Spider:4 | Reached skill level 1 in Spellcasting
 38392 | Spider:4 | Reached XP level 18. HP: 88/128 MP: 2/26
 38569 | Spider:4 | Noticed Nikola
 38574 | Spider:4 | Killed Nikola
 38574 | Spider:4 | Reached skill level 5 in Spellcasting
 38645 | Spider:4 | Found a runed translucent door.
 38646 | Spider:4 | Noticed Gohat's ghost (journeyman HOBe)
 38727 | Spider:4 | Noticed Agnes
 38732 | Spider:4 | Killed Agnes
 39417 | Spider:4 | Got a gossamer rune of Zot
 39854 | Vaults:1 | Entered Level 1 of the Vaults
 39941 | Vaults:1 | Reached skill level 15 in Long Blades
 40109 | Vaults:1 | Found a flickering gateway to a bazaar.
 40118 | Bazaar   | Entered a bazaar
 40281 | Bazaar   | Found Foalloes's Armour Boutique.
 40323 | Bazaar   | Found Virilov's Assorted Antiques.
 40344 | Bazaar   | Found Xuerghoe's Antique Armour Boutique.
 40524 | Bazaar   | Bought a scroll of enchant armour for 165 gold pieces
 41136 | Vaults:1 | Reached skill level 16 in Long Blades
 41430 | Vaults:1 | Reached skill level 1 in Transmutations
 41433 | Vaults:1 | Reached skill level 1 in Earth Magic
 42367 | Vaults:2 | Reached XP level 19. HP: 134/134 MP: 18/27
 42784 | Vaults:2 | Reached skill level 5 in Transmutations
 42788 | Vaults:2 | Reached skill level 5 in Earth Magic
 42868 | Vaults:2 | Noticed a tentacled monstrosity
 42872 | Vaults:2 | Killed a tentacled monstrosity
 43510 | Vaults:2 | Found Orujyi's Food Boutique.
 43742 | Vaults:2 | Found a runed translucent gate.
 43742 | Vaults:2 | Found a runed translucent gate.
 43743 | Vaults:2 | Found a runed translucent gate.
 44077 | Vaults:2 | Found a staircase to the Crypt.
 44287 | Vaults:2 | Noticed Boris
 44303 | Vaults:2 | Killed Boris
 44740 | Vaults:2 | Noticed Bodigarde's ghost (adept DrWz)
 44742 | Vaults:2 | Found an iron altar of Okawaru.
 45251 | Vaults:3 | Noticed Boris
 45263 | Vaults:3 | Killed Boris
 45263 | Vaults:3 | Reached skill level 10 in Transmutations
 45263 | Vaults:3 | Reached XP level 20. HP: 74/140 MP: 18/29
 46405 | Vaults:4 | Reached skill level 17 in Long Blades
 46898 | Vaults:4 | Reached skill level 18 in Long Blades
 46915 | Vaults:4 | HP: 1/140 [ice devil[an ironheart preserver] (16)]
 46917 | Vaults:4 | Mangled by a fire giant

Illustrated notes

Levels and vault maps discovered:
D:1:      noname_arrival_rooms_in_the_neighbourhood, layout_loops_ring
D:2:      minmay_chambers_of_twos, layout_basic
D:3:      layout_basic, minmay_misc_feat_columns, eino_tiny_chamber,
          chequers_mini_garden
D:4:      layout_rooms, bloody_makhleb, minmay_temple_entry_wispy,
          uniq_crazy_yiuf_cottage
D:5:      layout_basic, first_ration
D:6:      old_forge, layout_basic, kennysheep_mini_moat,
          nicolae_overflow_crystal_walls, kennysheep_potato, uniq_grinder,
          uniq_sigmund, uniq_edmund
D:7:      layout_loops_ring, lemuel_doored_altar, gammafunk_ghost_stat_death
D:8:      gammafunk_corrupted_shrine, layout_loops_ring, zin_purify,
          eat_drink_and_be_merry_uskayaw, uniq_grum
D:9:      layout_loops_corners, grunt_livestock
D:10:     layout_basic
D:11:     layout_irregular_city, david_lair_shrubbed, serial_column_ruins,
          column_ruins_corridor_dead_end, column_ruins_columns_corner,
          column_ruins_corridor_straight, column_ruins_open_tiny,
          column_ruins_corridor_dead_end, column_ruins_columns_straight,
          uniq_erolcha, uniq_harold, uniq_nergalle
D:12:     nicolae_whirlpool, layout_cave_pods, orc_david_3, serial_shops, shop,
          hangedman_decor_push, serial_bayou_pond_d,
          minmay_fractal_squares_gapless_7
D:13:     layout_irregular_city, chequers_serial_rivers_micro_c, drop_trap
D:14:     layout_cave_pools, david_vaults_1, kennysheep_small_square,
          uniq_josephine
D:15:     grunt_enter_depths_giant_problem, layout_basic, basic_altar,
          serial_shops, nicolae_shop_behind_doors, minmay_crystal_water
Temple:   compressed_dpeg_circular_temple
Lair:1:   dragon1_lemuel, layout_small_grid, gauntlet_entry_generic,
          kennysheep_rathole
Lair:2:   layout_gridlike, serial_bayou_lake_a, uniq_erica, uniq_sonja
Lair:3:   layout_long_grid, nicolae_spider_entry_orb_guardian, roderic_batcave
Lair:4:   layout_long_grid, elwin_shoals_entry_rocks, basic_altar, minivault_24,
          lemuel_fruit_tree
Lair:5:   dpeg_oklob_gauntlet, layout_cave_pods, grunt_megastairs_2
Lair:6:   minmay_lair_end_frog_pond, layout_cave_shapes, slime_altar_1,
          minivault_29
Spider:1: layout_spider_delve
Spider:2: layout_spider_delve, worms_lemuel
Spider:3: layout_chambers, uniq_aizul, uniq_arachne
Spider:4: spider_rune_water, ebering_ghost_inner_flame,
          nicolae_spider_webbed_stairs, uniq_louise, uniq_agnes, uniq_nikola
Orc:1:    layout_caves, serial_shops, nicolae_shop_trees, shop_statue, shop,
          shop, gammafunk_ghost_smash, basic_altar
Orc:2:    st_orc_open, layout_caves
Vaults:1: vaults_dpeg_cross, grunt_vaults_hallway_short, v_alt_pattern_2,
          vaults_room_stairs_pillars, nicolae_vaults_lopsided_apartments,
          v_misc_26, hangedman_vaults_stream, v_rooms_2, vaults_room_large_hall,
          v_rooms_4, v_misc_26, serial_ice_g, layout_vaults_omnibox,
          serial_shops, bzr_firewalk
Vaults:2: gammafunk_vaults_ghost_fury_of_okawaru, v_misc_1,
          nicolae_vaults_circle_grid_b, hangedman_vaults_slice,
          nicolae_vaults_network_square, vaults_room_corners,
          vaults_dpeg_diagonal, vaults_room_mumra_shop_pool,
          ontoclasm_vaults_decontamination, ontoclasm_vaults_fault,
          nicolae_vaults_network_s, st_cells, vaults_room_semicircle,
          dpeg_vaults_monster_row, layout_vaults_omnicross,
          minmay_crypt_entry_skeletal_spiral, uniq_boris
Vaults:3: vaults_dpeg_spiral, v_alt_pattern_1, nicolae_vaults_little_squares_1,
          v_misc_26, v_misc_26, grunt_vaults_hallway_short,
          nicolae_vaults_alarming, grunt_vaults_diagonal, layout_vaults_big_room
Vaults:4: v_rooms_4, st_lattice, vaults_room_octagon, v_misc_1,
          grunt_vaults_hallway_long, nicolae_vaults_network_barrier,
          hangedman_vaults_pinch, serial_ice_m, v_alt_pattern_4,
          vaults_room_pools, nicolae_vaults_circle_grid_a,
          hangedman_vaults_trim, grunt_vaults_focal,
          nicolae_vaults_circle_grid_a, vaults_dpeg_encased_lava,
          layout_vaults_maze_snakey

Skill      XL: |  1  2  3  4  5  6  7  8  9 10 11 12 13 14 15 16 17 18 19 20 |
---------------+-------------------------------------------------------------+-----
Long Blades    | 3 4 5 6 7 9 10 11 12 14 16 18 | 18.0
Shields        | 4 5 6 9 13 15 | 15.0
Evocations     | 5 7 8 |  8.2
Fighting       | 5 7 10 13 | 13.2
Throwing       | 3 5 |  5.5
Stealth        | 5 6 8 11 | 11.0
Dodging        | 6 9 10 13 | 13.7
Invocations    | 5 10 | 10.8
Spellcasting   | 4 5 6 |  6.2
Transmutations | 3 10 | 10.0
Earth Magic    | 3 8 |  8.9
Translocations | |  0.1

Action                   |  1- 3 |  4- 6 |  7- 9 | 10-12 | 13-15 | 16-18 | 19-21 || total
-------------------------+-------+-------+-------+-------+-------+-------+-------++-------
Melee: Long sword        |    75 |   101 |    87 |       |       |       |       ||   263
       Constrict         |    22 |    28 |    41 |    98 |   162 |   195 |    79 ||   625
       Tentacles         |    12 |    28 |    42 |   156 |   333 |   395 |   257 ||  1223
       Falchion          |       |       |    63 |   275 |       |       |       ||   338
       Kick              |       |       |    40 |   219 |   548 |   665 |   397 ||  1869
       Rapier            |       |       |       |    14 |       |       |       ||    14
       Katana            |       |       |       |   202 |   897 |   916 |   538 ||  2553
       Scimitar          |       |       |       |       |    29 |    12 |       ||    41
       Dagger            |       |       |       |       |       |    26 |       ||    26
Throw: Boomerang         |       |       |     4 |    10 |       |       |       ||    14
       Dart              |       |       |       |    32 |     9 |       |       ||    41
       Javelin           |       |       |       |       |    10 |       |     4 ||    14
 Cast: Statue Form       |       |       |       |       |       |       |     1 ||     1
Invok: Shadow Step       |       |       |       |     1 |     2 |     7 |     1 ||    11
Evoke: Wand              |       |     1 |    17 |    19 |    18 |     8 |     4 ||    67
       Tin of tremorston |       |       |       |       |       |       |     1 ||     1
  Use: Scroll            |       |       |    14 |    13 |     6 |    10 |     3 ||    46
       Potion            |       |       |     3 |     4 |     3 |     2 |     3 ||    15
 Stab: Sleeping          |     5 |    16 |     6 |    18 |    29 |    75 |    22 ||   171
       Distracted        |       |       |       |     3 |     6 |    11 |     6 ||    26
       Paralysed         |       |       |       |       |       |       |     2 ||     2
  Eat: Chunk             |     3 |     9 |    12 |    19 |    32 |    30 |    15 ||   120
       Ration            |       |       |       |     4 |     2 |     2 |       ||     8
Armor: Skin              |     3 |     2 |    15 |     5 |     7 |     2 |     2 ||    36
Dodge: Dodged            |    25 |    34 |    73 |   174 |   418 |   436 |   171 ||  1331
Block: Kite shield       |    26 |    35 |    83 |   212 |   744 |   687 |   249 ||  2036
       Reflection        |       |       |       |     1 |    34 |    29 |    22 ||    86
       Rpst.: Long sword |     7 |     9 |    17 |       |       |       |       ||    33
       Falchion          |       |       |     9 |    24 |       |       |       ||    33
       Katana            |       |       |       |    21 |    93 |    76 |    39 ||   229
       Scimitar          |       |       |       |       |     3 |       |       ||     3
